cohdb
Replays
Latest Replays
All Replays
Popular Replays
Top Player Replays
Match Explorer
How It Works
Community
CoH3 Stats
Reddit
Sign in to upload your games and track your stats! →
Sign in with Steam
Match 41562532
Unlisted
Match 41562532
Overview
Messages
Build Orders
End
Construct Infanterie Kompanie
Selects Terror Battlegroup
Selects Terror Battlegroup
Selects Machine Gun Camouflage
MG 42 Machine Gun Team
MG 42 Machine Gun Team
Construct Panzergrenadier Kompanie
Panzergrenadier Squad
MG 42 Machine Gun Team
251 Medium Carrier
GrW 34 Mortar Team
Panzergrenadier Squad
AI Takeover
Bosman
Ares
嫂子开门我是我哥
皮皮
Yudachi
埃琳喵
goodgame
xzh
0
0
Comments
sign in to comment!
No comments posted yet!